2533 views
Uploaded 2021-07-10 13:56:21
Game version 1.32.10
60:58 long 1on1 ladder game on (4)TurtleRock
Saved by aom
2533 views
Uploaded 2021-07-10 13:56:21
Game version 1.32.10
60:58 long 1on1 ladder game on (4)TurtleRock

129 units @ 19k
/ 3.5k
48 buildings @ 8.1k
/ 4.6k


| Staff of Preservation | 2 | 300 |
| Moonstone | 6 | 300 |
| Potion of Healing | 5 | 750 |
| Orb of Venom | 2 | 650 |
| Lesser Clarity Potion | 1 | 70 |
| Potion of Mana | 1 | 200 |
| Scroll of Town Portal | 7 | 2450 |
| total: | 24 | 4720g |
| Wisp | 59 | 3540 | / | 0 |
| Archer | 8 | 1040 | / | 80 |
| Huntress | 22 | 4290 | / | 440 |
| Dryad | 8 | 1160 | / | 480 |
| Druid of the Claw | 19 | 4845 | / | 1520 |
| Mountain Giant | 2 | 700 | / | 200 |
| Glaive Thrower | 2 | 420 | / | 130 |
| Chimaera | 9 | 2970 | / | 630 |
| total: | 129 | 18965g | / | 3480w |
| Ancient Protector | 27 | 3645 | / | 2160 |
| Altar of Elders | 1 | 180 | / | 50 |
| Moon Well | 6 | 1080 | / | 240 |
| Ancient of War | 1 | 150 | / | 60 |
| Hunter's Hall | 1 | 210 | / | 100 |
| Ancient of Wonders | 1 | 90 | / | 30 |
| Tree of Life | 6 | 2040 | / | 1110 |
| Ancient of Lore | 2 | 310 | / | 290 |
| Chimaera Roost | 3 | 420 | / | 570 |
| Tree of Ages | 1 | 320 | / | 180 |
| Tree of Eternity | 1 | 330 | / | 200 |
| total: | 48 | 8125g | / | 4610w |
| 0:02 | Wisp |
| 0:02 | Wisp |
| 0:10 | Altar of Elders |
| 0:15 | Wisp |
| 0:17 | Moon Well |
| 0:27 | Wisp |
| 0:32 | Wisp |
| 0:46 | Wisp |
| 0:52 | Ancient of War |
| 1:02 | Wisp |
| 1:24 | Moon Well |
| 1:26 | Wisp |
| 1:45 | Wisp |
| 1:54 | Archer |
| 1:58 | Archer |
| 1:59 | Wisp |
| 2:13 | Wisp |
| 2:31 | Mana Burn |
| 2:34 | Archer |
| 2:48 | Tree of Ages |
| 3:10 | Hunter's Hall |
| 3:42 | Moon Well |
| 3:55 | Moon Well |
| 4:24 | Huntress |
| 4:28 | Ancient of Wonders |
| 4:38 | Evasion |
| 4:49 | Huntress |
| 5:28 | Huntress |
| 5:49 | Strength of the Moon |
| 6:02 | Huntress |
| 6:10 | Mana Burn |
| 6:21 | Staff of Preservation |
| 6:21 | Moonstone |
| 6:24 | Force of Nature |
| 6:29 | Potion of Healing |
| 6:50 | Ancient of Lore |
| 7:30 | Improved Strength of the Moon |
| 8:20 | Huntress |
| 8:25 | Entangling Roots |
| 8:38 | Dryad |
| 8:43 | Ancient of Lore |
| 8:46 | Tree of Eternity |
| 8:49 | Tree of Life |
| 9:20 | Evasion |
| 9:28 | Dryad |
| 9:34 | Strength of the Wild |
| 10:05 | Force of Nature |
| 10:54 | Dryad |
| 10:57 | Huntress |
| 11:06 | Druid of the Claw Adept Training |
| 11:22 | Wisp |
| 11:22 | Wisp |
| 11:31 | Huntress |
| 11:34 | Abolish Magic |
| 11:35 | Dryad |
| 11:56 | Wisp |
| 11:57 | Wisp |
| 12:07 | Huntress |
| 12:09 | Druid of the Claw Master Training |
| 12:16 | Advanced Strength of the Moon |
| 12:41 | Moon Glaive |
| 12:43 | Moon Armor |
| 12:45 | Wisp |
| 12:54 | Moon Well |
| 12:55 | Moon Well |
| 13:00 | Entangling Roots |
| 13:18 | Wisp |
| 13:19 | Wisp |
| 13:19 | Wisp |
| 13:43 | Well Spring |
| 13:57 | Wisp |
| 13:57 | Wisp |
| 14:07 | Sentinel |
| 14:12 | Wisp |
| 14:16 | Wisp |
| 14:16 | Wisp |
| 14:22 | Ancient Protector |
| 14:58 | Mana Burn |
| 15:11 | Mark of the Claw |
| 15:12 | Druid of the Claw |
| 15:17 | Wisp |
| 15:20 | Improved Strength of the Wild |
| 15:33 | Huntress |
| 15:54 | Moonstone |
| 15:56 | Orb of Venom |
| 16:07 | Scroll of Town Portal |
| 16:13 | Wisp |
| 16:15 | Ancient Protector |
| 16:18 | Ancient Protector |
| 17:03 | Huntress |
| 17:04 | Dryad |
| 17:08 | Druid of the Claw |
| 17:29 | Huntress |
| 18:03 | Huntress |
| 18:32 | Huntress |
| 18:52 | Druid of the Claw |
| 18:54 | Advanced Strength of the Wild |
| 19:14 | Wisp |
| 19:21 | Tree of Life |
| 19:29 | Druid of the Claw |
| 19:31 | Reinforced Hides |
| 19:52 | Lesser Clarity Potion |
| 19:59 | Orb of Venom |
| 20:08 | Moonstone |
| 20:27 | Scroll of Town Portal |
| 20:37 | Potion of Healing |
| 20:53 | Tree of Life |
| 21:13 | Druid of the Claw |
| 21:53 | Druid of the Claw |
| 22:41 | Druid of the Claw |
| 22:57 | Wisp |
| 22:58 | Wisp |
| 22:58 | Wisp |
| 22:58 | Wisp |
| 23:08 | Entangling Roots |
| 23:31 | Ancient Protector |
| 23:31 | Ancient Protector |
| 23:52 | Wisp |
| 23:52 | Wisp |
| 24:00 | Tree of Life |
| 24:33 | Huntress |
| 24:37 | Dryad |
| 25:22 | Druid of the Claw |
| 25:37 | Druid of the Claw |
| 26:17 | Huntress |
| 26:40 | Metamorphosis |
| 27:04 | Tranquility |
| 27:08 | Huntress |
| 27:10 | Druid of the Claw |
| 27:39 | Wisp |
| 27:40 | Huntress |
| 27:45 | Mountain Giant |
| 27:51 | Wisp |
| 28:13 | Ancient Protector |
| 28:14 | Wisp |
| 28:22 | Moonstone |
| 28:26 | Scroll of Town Portal |
| 28:59 | Improved Reinforced Hides |
| 29:05 | Wisp |
| 29:11 | Glaive Thrower |
| 29:16 | Wisp |
| 29:16 | Wisp |
| 29:16 | Wisp |
| 29:33 | Dryad |
| 30:01 | Chimaera Roost |
| 30:02 | Chimaera Roost |
| 30:30 | Chimaera Roost |
| 30:34 | Wisp |
| 30:34 | Wisp |
| 30:36 | Ultravision |
| 30:37 | Advanced Reinforced Hides |
| 30:38 | Improved Moon Armor |
| 30:46 | Wisp |
| 30:46 | Wisp |
| 30:46 | Wisp |
| 30:50 | Ancient Protector |
| 30:51 | Ancient Protector |
| 30:51 | Ancient Protector |
| 31:04 | Hardened Skin |
| 31:05 | Resistant Skin |
| 31:14 | Wisp |
| 31:15 | Wisp |
| 31:21 | Ancient Protector |
| 31:22 | Ancient Protector |
| 31:29 | Ancient Protector |
| 31:31 | Ancient Protector |
| 31:38 | Wisp |
| 31:38 | Wisp |
| 31:41 | Ancient Protector |
| 31:45 | Ancient Protector |
| 33:06 | Force of Nature |
| 33:28 | Corrosive Breath |
| 33:29 | Chimaera |
| 33:34 | Scroll of Town Portal |
| 33:39 | Potion of Healing |
| 34:03 | Huntress |
| 34:04 | Glaive Thrower |
| 34:07 | Advanced Moon Armor |
| 34:12 | Chimaera |
| 34:18 | Druid of the Claw |
| 34:19 | Huntress |
| 34:22 | Druid of the Claw |
| 34:34 | Wisp |
| 34:34 | Wisp |
| 35:08 | Archer |
| 36:27 | Evasion |
| 37:09 | Huntress |
| 37:12 | Mountain Giant |
| 37:12 | Druid of the Claw |
| 37:29 | Archer |
| 37:29 | Archer |
| 37:29 | Archer |
| 37:40 | Chimaera |
| 38:36 | Scroll of Town Portal |
| 38:36 | Potion of Healing |
| 39:53 | Chimaera |
| 40:00 | Thorns Aura |
| 40:35 | Druid of the Claw |
| 40:36 | Druid of the Claw |
| 40:48 | Wisp |
| 40:49 | Wisp |
| 40:49 | Wisp |
| 40:49 | Wisp |
| 41:09 | Ancient Protector |
| 41:09 | Ancient Protector |
| 42:48 | Marksmanship |
| 42:51 | Dryad |
| 43:20 | Immolation |
| 44:27 | Huntress |
| 44:28 | Druid of the Claw |
| 44:46 | Thorns Aura |
| 45:20 | Chimaera |
| 46:19 | Tree of Life |
| 47:10 | Tree of Life |
| 47:30 | Chimaera |
| 47:53 | Ancient Protector |
| 47:54 | Ancient Protector |
| 48:00 | Ancient Protector |
| 48:00 | Ancient Protector |
| 48:00 | Ancient Protector |
| 48:05 | Ancient Protector |
| 48:40 | Chimaera |
| 48:42 | Druid of the Claw |
| 48:50 | Moonstone |
| 48:54 | Scroll of Town Portal |
| 49:36 | Staff of Preservation |
| 50:27 | Scroll of Town Portal |
| 51:31 | Huntress |
| 51:35 | Immolation |
| 51:58 | Wisp |
| 51:58 | Wisp |
| 51:58 | Wisp |
| 51:58 | Wisp |
| 52:10 | Thorns Aura |
| 52:52 | Nature's Blessing |
| 52:55 | Backpack |
| 53:24 | Ancient Protector |
| 53:40 | Potion of Healing |
| 53:40 | Moonstone |
| 53:43 | Potion of Mana |
| 54:06 | Ancient Protector |
| 54:07 | Ancient Protector |
| 54:30 | Ancient Protector |
| 55:40 | Druid of the Claw |
| 55:42 | Chimaera |
| 55:45 | Archer |
| 57:20 | Druid of the Claw |
| 57:22 | Chimaera |
| 60:38 | Immolation |
| Right click | 2700 |
| Select | 1384 |
| Select group | 523 |
| Misc. action | 345 |
| Build/train/purchase | 327 |
| Use ability | 211 |
| Assign group | 30 |
| Chat | 21 |
| Item give/drop | 8 |
| Remove unit | 3 |
74 units @ 12.3k
/ 2.1k
31 buildings @ 4.8k
/ 2k



| Rod of Necromancy | 7 | 1050 |
| Potion of Healing | 8 | 1200 |
| Orb of Corruption | 3 | 1125 |
| Potion of Mana | 4 | 800 |
| Scroll of Healing | 10 | 2500 |
| Scroll of Town Portal | 7 | 2450 |
| Scroll of Protection | 2 | 300 |
| Potion of Lesser Invulnerability | 4 | 600 |
| Boots of Speed | 1 | 250 |
| Staff of Teleportation | 1 | 150 |
| total: | 47 | 10425g |
| Acolyte | 17 | 1275 | / | 0 |
| Ghoul | 10 | 1200 | / | 0 |
| Crypt Fiend | 4 | 860 | / | 160 |
| Obsidian Statue | 10 | 2000 | / | 350 |
| Abomination | 10 | 2400 | / | 700 |
| Gargoyle | 19 | 3325 | / | 570 |
| Meat Wagon | 2 | 460 | / | 100 |
| Frost Wyrm | 2 | 770 | / | 240 |
| total: | 74 | 12290g | / | 2120w |
| Spirit Tower | 6 | 870 | / | 240 |
| Nerubian Tower | 2 | 200 | / | 40 |
| Altar of Darkness | 2 | 360 | / | 100 |
| Crypt | 1 | 200 | / | 50 |
| Ziggurat | 12 | 1800 | / | 600 |
| Tomb of Relics | 4 | 520 | / | 120 |
| Graveyard | 1 | 215 | / | 0 |
| Necropolis | 4 | 900 | / | 0 |
| Slaughterhouse | 2 | 280 | / | 270 |
| Sacrificial Pit | 3 | 225 | / | 450 |
| Boneyard | 2 | 350 | / | 400 |
| Halls of the Dead | 1 | 320 | / | 210 |
| Black Citadel | 1 | 325 | / | 230 |
| total: | 31 | 4850g | / | 1990w |
| 0:05 | Altar of Darkness |
| 0:07 | Crypt |
| 0:10 | Ziggurat |
| 0:24 | Acolyte |
| 0:38 | Acolyte |
| 0:49 | Acolyte |
| 1:12 | Tomb of Relics |
| 1:22 | Ghoul |
| 1:29 | Ziggurat |
| 1:41 | Ghoul |
| 2:06 | Graveyard |
| 2:20 | Rod of Necromancy |
| 2:29 | Sleep |
| 2:47 | Cannibalize |
| 3:22 | Ghoul |
| 3:23 | Ghoul |
| 3:29 | Halls of the Dead |
| 3:57 | Vampiric Aura |
| 4:01 | Unholy Strength |
| 4:04 | Ziggurat |
| 4:25 | Crypt Fiend |
| 5:55 | Vampiric Aura |
| 6:09 | Black Citadel |
| 6:14 | Slaughterhouse |
| 6:22 | Slaughterhouse |
| 6:24 | Ziggurat |
| 6:59 | Crypt Fiend |
| 7:02 | Burrow |
| 7:09 | Rod of Necromancy |
| 7:11 | Death Coil |
| 7:30 | Obsidian Statue |
| 7:50 | Spirit Tower |
| 7:57 | Spirit Tower |
| 8:19 | Crypt Fiend |
| 8:32 | Rod of Necromancy |
| 9:47 | Abomination |
| 9:50 | Disease Cloud |
| 9:55 | Destroyer Form |
| 9:57 | Gargoyle |
| 9:58 | Gargoyle |
| 10:00 | Unholy Aura |
| 11:13 | Web |
| 11:22 | Creature Carapace |
| 11:25 | Unholy Armor |
| 11:56 | Abomination |
| 11:59 | Abomination |
| 12:25 | Ziggurat |
| 12:45 | Acolyte |
| 13:12 | Scroll of Healing |
| 13:19 | Acolyte |
| 14:09 | Acolyte |
| 14:09 | Acolyte |
| 14:09 | Acolyte |
| 14:30 | Death Coil |
| 14:44 | Sacrificial Pit |
| 14:47 | Ziggurat |
| 14:52 | Tomb of Relics |
| 14:56 | Ziggurat |
| 15:15 | Ziggurat |
| 15:20 | Creature Attack |
| 16:18 | Scroll of Protection |
| 16:20 | Scroll of Town Portal |
| 16:26 | Abomination |
| 16:57 | Sleep |
| 17:25 | Unholy Aura |
| 18:24 | Scroll of Healing |
| 18:25 | Potion of Lesser Invulnerability |
| 18:25 | Scroll of Protection |
| 19:04 | Vampiric Aura |
| 19:18 | Frost Nova |
| 19:22 | Potion of Healing |
| 19:23 | Potion of Healing |
| 19:23 | Potion of Healing |
| 19:26 | Scroll of Town Portal |
| 19:26 | Scroll of Healing |
| 19:28 | Rod of Necromancy |
| 19:49 | Orb of Corruption |
| 20:12 | Nerubian Tower |
| 20:13 | Spirit Tower |
| 20:14 | Spirit Tower |
| 20:34 | Gargoyle |
| 20:41 | Improved Creature Carapace |
| 20:58 | Acolyte |
| 21:38 | Obsidian Statue |
| 23:15 | Necropolis |
| 23:48 | Meat Wagon |
| 24:52 | Frost Armor |
| 26:07 | Inferno |
| 26:23 | Acolyte |
| 26:23 | Acolyte |
| 26:24 | Acolyte |
| 26:24 | Acolyte |
| 26:25 | Acolyte |
| 26:30 | Acolyte |
| 26:31 | Ziggurat |
| 26:47 | Frost Nova |
| 27:05 | Frost Armor |
| 27:28 | Rod of Necromancy |
| 27:29 | Potion of Mana |
| 27:36 | Nerubian Tower |
| 27:39 | Sacrificial Pit |
| 27:40 | Boneyard |
| 27:41 | Boneyard |
| 27:50 | Obsidian Statue |
| 27:53 | Crypt Fiend |
| 28:17 | Altar of Darkness |
| 28:25 | Obsidian Statue |
| 28:57 | Ghoul Frenzy |
| 28:59 | Gargoyle |
| 29:00 | Gargoyle |
| 29:03 | Orb of Corruption |
| 29:23 | Boots of Speed |
| 29:23 | Potion of Lesser Invulnerability |
| 29:27 | Staff of Teleportation |
| 30:00 | Necropolis |
| 30:32 | Gargoyle |
| 30:46 | Abomination |
| 31:20 | Ziggurat |
| 31:22 | Ziggurat |
| 31:23 | Tomb of Relics |
| 31:25 | Sacrificial Pit |
| 31:47 | Potion of Healing |
| 31:54 | Abomination |
| 31:57 | Gargoyle |
| 33:10 | Death Pact |
| 33:48 | Frost Nova |
| 34:05 | Frost Wyrm |
| 34:20 | Gargoyle |
| 34:22 | Abomination |
| 35:01 | Ghoul |
| 35:01 | Ghoul |
| 35:03 | Abomination |
| 35:16 | Scroll of Healing |
| 35:18 | Potion of Mana |
| 35:33 | Spirit Tower |
| 35:33 | Spirit Tower |
| 35:54 | Gargoyle |
| 36:31 | Orb of Corruption |
| 36:34 | Rod of Necromancy |
| 36:58 | Unholy Aura |
| 37:47 | Scroll of Healing |
| 37:55 | Scroll of Healing |
| 37:56 | Rod of Necromancy |
| 38:02 | Potion of Healing |
| 38:03 | Potion of Mana |
| 38:04 | Scroll of Town Portal |
| 38:09 | Meat Wagon |
| 38:12 | Gargoyle |
| 38:12 | Gargoyle |
| 38:12 | Gargoyle |
| 38:13 | Gargoyle |
| 38:39 | Sleep |
| 39:11 | Abomination |
| 39:11 | Obsidian Statue |
| 40:34 | Ghoul |
| 40:34 | Ghoul |
| 40:34 | Ghoul |
| 40:34 | Ghoul |
| 40:46 | Scroll of Town Portal |
| 40:46 | Scroll of Healing |
| 40:47 | Potion of Healing |
| 40:47 | Potion of Mana |
| 40:54 | Death and Decay |
| 42:00 | Scroll of Town Portal |
| 42:00 | Potion of Lesser Invulnerability |
| 42:10 | Gargoyle |
| 42:10 | Gargoyle |
| 42:10 | Gargoyle |
| 42:13 | Obsidian Statue |
| 42:33 | Necropolis |
| 42:39 | Frost Wyrm |
| 42:56 | Tomb of Relics |
| 42:58 | Ziggurat |
| 43:21 | Potion of Lesser Invulnerability |
| 43:22 | Scroll of Town Portal |
| 43:22 | Scroll of Healing |
| 45:03 | Scroll of Town Portal |
| 45:30 | Acolyte |
| 45:30 | Acolyte |
| 45:32 | Gargoyle |
| 45:32 | Gargoyle |
| 45:35 | Abomination |
| 45:36 | Obsidian Statue |
| 46:23 | Obsidian Statue |
| 46:37 | Advanced Creature Carapace |
| 46:41 | Gargoyle |
| 47:31 | Obsidian Statue |
| 47:33 | Improved Creature Attack |
| 48:03 | Scroll of Healing |
| 48:04 | Potion of Healing |
| 48:09 | Potion of Healing |
| 49:08 | Necropolis |
| 49:34 | Animate Dead |
| 50:33 | Scroll of Healing |
| 50:39 | Carrion Swarm |
| 52:55 | Dark Ritual |
| 55:24 | Death Coil |
| 57:37 | Obsidian Statue |
| Select group | 2923 |
| Right click | 1884 |
| Select | 1414 |
| Misc. action | 367 |
| Build/train/purchase | 285 |
| Use ability | 226 |
| Assign group | 115 |
| Item give/drop | 16 |
| Chat | 9 |
| Minimap ping | 5 |
| Remove unit | 4 |
⇛